 Dungeon Crawl Stone Soup version 0.23.0 (webtiles) character file.

Game seed: 7550386964141196743

2851 tidbits the Magician (level 9, 66/71 HPs)
             Began as a Gnoll Skald on Feb 11, 2019.
             Was a Believer of Cheibriados.
             Quit the game on level 8 of the Dungeon.
             The game lasted 00:19:33 (2178 turns).

tidbits the Magician (Gnoll Skald)                  Turns: 2178, Time: 00:19:34

Health: 66/71      AC:  8    Str: 17    XL:     9   Next: 74%
Magic:  19/19      EV: 18    Int: 24    God:    Cheibriados [**....]
Gold:   112        SH:  0    Dex: 20    Spells: 6/21 levels left

rFire    . . .     SeeInvis .   a - +0 halberd
rCold    . . .     Gourm    .   (shield currently unavailable)
rNeg     + . .     Faith    .   B - +0 ring mail
rPois    .         Spirit   .   (helmet restricted)
rElec    .         Reflect  .   C - +0 cloak
rCorr    .         Harm     .   (no gloves)
MR       .....                  F - +0 pair of boots
Stlth    ++........             (no amulet)
HPRegen  0.21/turn              V - +3 ring of evasion
MPRegen  0.16/turn              G - ring of positive energy

@: shrouded, very slow
A: distributed training, fangs 1, horns 1, blurry vision 1, clumsy 1, weak 1,
strong nose
a: Bend Time, Renounce Religion


You were on level 8 of the Dungeon.
You worshipped Cheibriados.
Cheibriados was pleased with you.
You were not hungry.

You visited 2 branches of the dungeon, and saw 9 of its levels.

You collected 200 gold pieces.
You spent 88 gold pieces at shops.

Inventory:

Hand Weapons
 a - a +0 halberd (weapon)
 o - a +0 trident
 q - a +3 quarterstaff of chaos
   (You took it off Crazy Yiuf on level 2 of the Dungeon)
 s - a +0 dagger of electrocution
   (You took it off a goblin on level 2 of the Dungeon)
 v - a +0 spear
 D - a +0 shortbow
Missiles
 g - 86 arrows
 j - 2 tomahawks of returning (quivered)
 t - 22 sling bullets
 u - 4 tomahawks
Armour
 b - a +0 leather armour
 B - a +0 ring mail (worn)
 C - a +0 cloak (worn)
 E - a +0 helmet
 F - a +0 pair of boots (worn)
Magical Staves
 H - a cursed staff of air {unknown}
   (You found it on level 8 of the Dungeon)
Jewellery
 x - an uncursed ring of teleportation
   (You found it on level 4 of the Dungeon)
 G - a ring of positive energy (right hand)
   (You found it on level 8 of the Dungeon)
 V - a +3 ring of evasion (left hand)
   (You found it on level 7 of the Dungeon)
Wands
 r - a wand of random effects (19)
 w - a wand of flame (14)
 y - a wand of paralysis (7)
 I - a wand of enslavement (11)
Scrolls
 e - 2 scrolls of fog {unknown}
 h - 4 scrolls of teleportation
 i - a scroll of random uselessness
 n - 2 scrolls of noise {!r}
 p - 2 scrolls of magic mapping
 A - 4 scrolls of remove curse
Potions
 c - a potion of curing
 f - 2 potions of magic {unknown}
 k - 2 potions of might
 l - 3 potions of cancellation
 m - a potion of flight
 z - a potion of agility
Comestibles
 d - 6 rations


   Skills:
 + Level 6.4 Fighting
 + Level 4.4 Short Blades
 + Level 4.4 Long Blades
 + Level 4.4 Axes
 + Level 4.4 Maces & Flails
 + Level 6.4 Polearms
 + Level 4.4 Staves
 + Level 4.4 Slings
 + Level 4.4 Bows
 + Level 4.4 Crossbows
 + Level 4.4 Throwing
 + Level 5.2 Armour
 + Level 6.4 Dodging
 + Level 4.4 Stealth
 + Level 4.4 Shields
 + Level 4.4 Unarmed Combat
 + Level 6.8 Spellcasting
 + Level 3.6 Conjurations
 + Level 3.6 Hexes
 + Level 6.6 Charms
 + Level 3.6 Summonings
 + Level 3.6 Necromancy
 + Level 3.6 Translocations
 + Level 3.6 Transmutations
 + Level 3.6 Fire Magic
 + Level 3.6 Ice Magic
 + Level 3.6 Air Magic
 + Level 3.6 Earth Magic
 + Level 3.6 Poison Magic
 + Level 4.9 Invocations
 + Level 4.4 Evocations


You had 6 spell levels left.
You knew the following spells:

 Your Spells              Type           Power        Failure   Level  Hunger
g - Shroud of Golubria    Chrm/Tloc      ####......   2%          2    None
i - Infusion              Chrm           ####         1%          1    None
r - Regeneration          Chrm/Necr      ####......   4%          3    None
w - Spectral Weapon       Hex/Chrm       ####....     4%          3    None
y - Song of Slaying       Chrm           #####...     1%          2    None
L - Summon Lightning Spi  Summ/Air       ####....     28%         4    ###....

Your spell library contained the following spells:

 Spells                   Type           Power        Failure   Level  Hunger
 Summon Small Mammal      Summ           ####         2%          1    None
 Call Imp                 Summ           ####....     4%          2    None
 Call Canine Familiar     Summ           ####....     9%          3    None
 Summon Guardian Golem    Hex/Summ       ####....     9%          3    None
 Summon Ice Beast         Ice/Summ       ####....     28%         4    ###....


Dungeon Overview and Level Annotations

Branches:
Dungeon (8/15)             Temple (1/1) D:4
   Lair: D:8-11

Altars:
Ashenzari
Cheibriados
Dithmenos
Fedhas
Hepliaklqana
Kikubaaqudgha
Makhleb
Okawaru
Ru
Xom
The Shining One

Shops:
D:4 }   D:5 :

Annotations:
D:8 Maurice


Innate Abilities, Weirdness & Mutations

Your experience applies equally to all skills.
You have very sharp teeth.
Your uncanny sense of smell can sniff out nearby items.
You have a pair of small horns on your head.
Scrolls take you a little longer to read.
You are clumsy. (Dex -2)
You are weak. (Str -2)


Message History

Unknown command.
Unknown command.
Casting: Spectral Weapon (safe; 4% risk of failure)
Confirm with . or Enter, or press ? or * to list all spells.
You draw out your weapon's spirit!
Unknown command.
Casting: Spectral Weapon (safe; 4% risk of failure)
Confirm with . or Enter, or press ? or * to list all spells.
Space distorts slightly along a thin shroud covering your body.
Unknown command.
You hit the orc but do no damage. You headbutt the orc!
You kill the orc!
Cheibriados appreciates the change of pace. 2 orc priests come into view.
The orc priest moves out of view.
There is an open door here.
You see here a +0 hand axe.
Unknown command.
Unknown command.
You hit the orc.
The orc is moderately wounded.
Your spectral weapon hits the orc from afar.
The orc completely misses you.
You closely miss the orc. You headbutt the orc.
You kill the orc!
Cheibriados appreciates the change of pace.
Unknown command.
Attack whom?
Press: ? - help, Dir - move target cursor, f - orc priest
Aim: an orc priest, wielding a +0 short sword You reach to attack!
You hit the orc priest.
The orc priest is moderately wounded.
Your spectral weapon hits the orc priest from afar!
You kill the orc priest!
Cheibriados thoroughly appreciates the change of pace.
Unknown command.
Attack whom?
Press: ? - help, Dir - move target cursor, f - orc priest
Aim: an orc priest You reach to attack!
You barely miss the orc priest.
Your spectral weapon hits the orc priest from afar!!
You kill the orc priest!
Cheibriados appreciates the change of pace.
Cheibriados raises the support of your attributes as your movement slows.
You closely miss Maurice. Your headbutt misses Maurice. You bite Maurice.
Maurice is lightly wounded.
Your spectral weapon hits Maurice!
Maurice says, "Very interesting."
Maurice barely misses you.
You hit Maurice. You headbutt Maurice.
Maurice is moderately wounded.
Your spectral weapon hits Maurice!
Maurice gestures wildly while chanting.
Maurice flickers and vanishes!
Unknown command.
Evoke which item? (* to show all) (? for menu, Esc to quit)
Aiming: Paralyse
Press: ? - help, Shift-Dir - straight line, f - you Nothing appears to happen.
Something barely misses you.
You miss something. Something barely misses you.
You closely miss something. You headbutt something. Your bite misses something.
Something hits you but does no damage.
A sky beast comes into view.
You barely miss something. You bite something.
Something hits you but does no damage.
You closely miss something.
You hear some strange, mumbled words.
You miss something.
Your shroud bends something's attack away.
Something hits you but does no damage.
You closely miss something. You headbutt something. Your bite misses something.
Something barely misses you.
The sky beast barely misses your spectral weapon.
You hit something but do no damage. Your headbutt misses something.
You bite something.
Your spectral weapon fades away.
Something barely misses you.
You closely miss something. Your headbutt misses something.
Your bite misses something. Something hits you but does no damage.
The sky beast closely misses you.
You completely miss something. Your headbutt misses something.
Something hits you but does no damage.
The sky beast hits you but does no damage.
You closely miss something. You headbutt something.
Your shroud bends something's attack away.
The sky beast barely misses you.
Your shroud bends something's attack away.
The sky beast barely misses you.
You hit something. You headbutt something. You bite something.
Your shroud bends something's attack away.
The sky beast hits you. The sky beast shocks you.
You completely miss something. Something barely misses you.
The sky beast barely misses you.
You miss something.
Your shroud bends something's attack away.
Your shroud bends the sky beast's attack away.
You closely miss something. Your headbutt misses something.
Something completely misses you.
The sky beast flickers out of sight!
Something closely misses you.
Are you sure you want to abandon this character and quit the game? (Confirm with "yes".)

.....................#
.....########.......#
..... #..W..........#
....
#.########...#######
.... ................
... #######.#######.
### #.# ##)### #@...#
#....){{...#
####.#.....# ..
#.....# ## ......#
.###+### >. .


There were no monsters in sight!

Vanquished Creatures
  6 yaks (D:7)
  A hungry ghost (D:7)
  A sky beast (D:6)
  A phantom (D:6)
  A black bear (D:7)
  4 ogres
  3 centaurs
  Blork the orc (D:6)
  A gnoll sergeant (D:7)
  A bullfrog (D:6)
  A crimson imp (D:7)
  2 centaur zombies
  A hound (D:8)
  A jelly (D:8)
  3 orc wizards
  A centaur skeleton (D:4)
  2 orc priests (D:8)
  Crazy Yiuf (D:2)
  Natasha (thrice) (D:2)
  5 worker ants
  A hound zombie (D:7)
  Robin (D:2)
  10 gnolls
  7 adders
  2 adder skeletons
  2 worms (D:2)
  4 dart slugs
  A leopard gecko (D:4)
  17 orcs
  4 giant cockroaches
  4 hobgoblins
  A quokka (D:4)
  2 ball pythons (D:1)
  3 bats
  5 frilled lizards
  11 goblins (D:2)
  4 kobolds
  A quokka skeleton (D:7)
  8 rats
128 creatures vanquished.

Notes
Turn   | Place    | Note
-------+----------+-------------------------------------------
     0 | D:1      | tidbits the Gnoll Skald began the quest for the Orb.
     0 | D:1      | Reached XP level 1. HP: 20/20 MP: 6/6
    75 | D:1      | Reached XP level 2. HP: 25/26 MP: 0/7
    92 | D:1      | Learned a level 2 spell: Song of Slaying
    95 | D:1      | Learned a level 2 spell: Shroud of Golubria
   280 | D:2      | Reached XP level 3. HP: 26/31 MP: 5/9
   285 | D:2      | Learned a level 3 spell: Regeneration
   289 | D:2      | Learned a level 3 spell: Spectral Weapon
   299 | D:2      | Reached skill level 5 in Spellcasting
   359 | D:2      | Reached skill level 1 in Invocations
   443 | D:2      | Found a shadowy altar of Dithmenos.
   453 | D:2      | Reached skill level 1 in Short Blades
   453 | D:2      | Reached skill level 1 in Long Blades
   453 | D:2      | Reached skill level 1 in Axes
   453 | D:2      | Reached skill level 1 in Maces & Flails
   453 | D:2      | Reached skill level 1 in Staves
   453 | D:2      | Reached skill level 1 in Slings
   453 | D:2      | Reached skill level 1 in Bows
   453 | D:2      | Reached skill level 1 in Crossbows
   453 | D:2      | Reached skill level 1 in Throwing
   453 | D:2      | Reached skill level 1 in Stealth
   453 | D:2      | Reached skill level 1 in Shields
   453 | D:2      | Reached skill level 1 in Unarmed Combat
   453 | D:2      | Reached skill level 1 in Evocations
   453 | D:2      | Reached XP level 4. HP: 24/38 MP: 4/11
   562 | D:2      | Noticed Natasha
   571 | D:2      | Killed Natasha
   571 | D:2      | Reached skill level 1 in Conjurations
   571 | D:2      | Reached skill level 1 in Hexes
   571 | D:2      | Reached skill level 1 in Summonings
   571 | D:2      | Reached skill level 1 in Necromancy
   571 | D:2      | Reached skill level 1 in Translocations
   571 | D:2      | Reached skill level 1 in Transmutations
   571 | D:2      | Reached skill level 1 in Fire Magic
   571 | D:2      | Reached skill level 1 in Ice Magic
   571 | D:2      | Reached skill level 1 in Air Magic
   571 | D:2      | Reached skill level 1 in Earth Magic
   571 | D:2      | Reached skill level 1 in Poison Magic
   573 | D:2      | Found a sacrificial altar of Ru.
   610 | D:2      | Noticed Natasha
   616 | D:2      | Killed Natasha
   616 | D:2      | Reached XP level 5. HP: 26/43 MP: 6/12
   640 | D:2      | Found a runed translucent door.
   641 | D:2      | Noticed Crazy Yiuf
   655 | D:2      | Killed Crazy Yiuf
   706 | D:2      | Noticed Natasha
   712 | D:2      | Killed Natasha
   712 | D:2      | Reached skill level 3 in Armour
   738 | D:2      | Noticed Robin
   750 | D:2      | Killed Robin
   851 | D:4      | Reached XP level 6. HP: 50/50 MP: 6/13
   934 | D:4      | Found a burning altar of Makhleb.
   934 | D:4      | Found a hazy altar of Hepliaklqana.
   935 | D:4      | Found a glowing golden altar of the Shining One.
   943 | D:4      | Reached skill level 5 in Fighting
   943 | D:4      | Reached skill level 5 in Polearms
   943 | D:4      | Reached skill level 5 in Dodging
   943 | D:4      | Reached skill level 2 in Invocations
   976 | D:5      | Entered Level 5 of the Dungeon
   986 | D:5      | Reached skill level 2 in Short Blades
   986 | D:5      | Reached skill level 2 in Long Blades
   986 | D:5      | Reached skill level 2 in Axes
   986 | D:5      | Reached skill level 2 in Maces & Flails
   986 | D:5      | Reached skill level 2 in Staves
   986 | D:5      | Reached skill level 2 in Slings
   986 | D:5      | Reached skill level 2 in Bows
   986 | D:5      | Reached skill level 2 in Crossbows
   986 | D:5      | Reached skill level 2 in Throwing
   986 | D:5      | Reached skill level 2 in Stealth
   986 | D:5      | Reached skill level 2 in Shields
   986 | D:5      | Reached skill level 2 in Unarmed Combat
   986 | D:5      | Reached skill level 2 in Evocations
   992 | D:4      | Found a staircase to the Ecumenical Temple.
  1002 | Temple   | Entered the Ecumenical Temple
  1014 | Temple   | Became a worshipper of Cheibriados the Contemplative
  1092 | D:4      | Found Coacamm's Gadget Emporium.
  1100 | D:4      | Bought a wand of flame (14) for 88 gold pieces
  1117 | D:4      | Reached XP level 7. HP: 56/56 MP: 10/15
  1133 | D:4      | Gained mutation: You are frail. (-10% HP) [potion of
                  | mutation]
  1133 | D:4      | Gained mutation: You are somewhat resistant to further
                  | mutation. [potion of mutation]
  1177 | D:4      | HP: 6/50 [ogre/+0 giant spiked club (21)]
  1178 | D:4      | Reached skill level 2 in Conjurations
  1178 | D:4      | Reached skill level 2 in Hexes
  1178 | D:4      | Reached skill level 2 in Summonings
  1178 | D:4      | Reached skill level 2 in Necromancy
  1178 | D:4      | Reached skill level 2 in Translocations
  1178 | D:4      | Reached skill level 2 in Transmutations
  1178 | D:4      | Reached skill level 2 in Fire Magic
  1178 | D:4      | Reached skill level 2 in Ice Magic
  1178 | D:4      | Reached skill level 2 in Air Magic
  1178 | D:4      | Reached skill level 2 in Earth Magic
  1178 | D:4      | Reached skill level 2 in Poison Magic
  1250 | D:5      | Found a blossoming altar of Fedhas.
  1266 | D:6      | Noticed Blork the orc
  1269 | D:6      | Reached * piety under Cheibriados
  1274 | D:6      | Killed Blork the orc
  1278 | D:6      | Reached skill level 3 in Invocations
  1324 | D:6      | Reached skill level 6 in Charms
  1324 | D:6      | Reached XP level 8. HP: 15/56 MP: 9/16
  1443 | D:7      | Reached skill level 3 in Short Blades
  1443 | D:7      | Reached skill level 3 in Long Blades
  1443 | D:7      | Reached skill level 3 in Axes
  1443 | D:7      | Reached skill level 3 in Maces & Flails
  1443 | D:7      | Reached skill level 3 in Staves
  1443 | D:7      | Reached skill level 3 in Slings
  1443 | D:7      | Reached skill level 3 in Bows
  1443 | D:7      | Reached skill level 3 in Crossbows
  1443 | D:7      | Reached skill level 3 in Throwing
  1443 | D:7      | Reached skill level 4 in Armour
  1443 | D:7      | Reached skill level 3 in Stealth
  1443 | D:7      | Reached skill level 3 in Shields
  1443 | D:7      | Reached skill level 3 in Unarmed Combat
  1443 | D:7      | Reached skill level 3 in Evocations
  1469 | D:6      | Reached skill level 6 in Spellcasting
  1529 | D:6      | Learned a level 4 spell: Summon Lightning Spire
  1565 | D:5      | Found Weis's Book Boutique.
  1659 | D:6      | Lost mutation: You are frail. (-10% HP) [potion of
                  | mutation]
  1659 | D:6      | Lost mutation: You are somewhat resistant to further
                  | mutation. [potion of mutation]
  1659 | D:6      | Gained mutation: You are clumsy. (Dex -2) [potion of
                  | mutation]
  1659 | D:6      | Gained mutation: You are weak. (Str -2) [potion of
                  | mutation]
  1659 | D:6      | Gained mutation: Scrolls take you a little longer to read.
                  | [potion of mutation]
  1659 | D:6      | Gained mutation: You have a pair of small horns on your
                  | head. [potion of mutation]
  1730 | D:7      | Reached skill level 3 in Conjurations
  1730 | D:7      | Reached skill level 3 in Hexes
  1730 | D:7      | Reached skill level 3 in Summonings
  1730 | D:7      | Reached skill level 3 in Necromancy
  1730 | D:7      | Reached skill level 3 in Translocations
  1730 | D:7      | Reached skill level 3 in Transmutations
  1730 | D:7      | Reached skill level 3 in Fire Magic
  1730 | D:7      | Reached skill level 3 in Ice Magic
  1730 | D:7      | Reached skill level 3 in Air Magic
  1730 | D:7      | Reached skill level 3 in Earth Magic
  1730 | D:7      | Reached skill level 3 in Poison Magic
  1730 | D:7      | Reached skill level 4 in Invocations
  1745 | D:7      | Reached ** piety under Cheibriados
  1760 | D:7      | Noticed a yak
  1761 | D:7      | Noticed a yak
  1763 | D:7      | Noticed a yak
  1772 | D:7      | Noticed a yak
  1774 | D:7      | Noticed a yak
  1775 | D:7      | Noticed a yak
  1778 | D:7      | Killed a yak
  1778 | D:7      | Reached skill level 6 in Fighting
  1778 | D:7      | Reached skill level 6 in Polearms
  1778 | D:7      | Reached skill level 6 in Dodging
  1778 | D:7      | Reached XP level 9. HP: 56/69 MP: 6/18
  1789 | D:7      | Reached skill level 4 in Short Blades
  1789 | D:7      | Reached skill level 4 in Long Blades
  1789 | D:7      | Reached skill level 4 in Axes
  1789 | D:7      | Reached skill level 4 in Maces & Flails
  1789 | D:7      | Reached skill level 4 in Staves
  1789 | D:7      | Reached skill level 4 in Slings
  1789 | D:7      | Reached skill level 4 in Bows
  1789 | D:7      | Reached skill level 4 in Crossbows
  1789 | D:7      | Reached skill level 4 in Throwing
  1789 | D:7      | Reached skill level 4 in Stealth
  1789 | D:7      | Reached skill level 4 in Shields
  1789 | D:7      | Reached skill level 4 in Unarmed Combat
  1789 | D:7      | Reached skill level 4 in Evocations
  1798 | D:7      | Reached skill level 5 in Armour
  2062 | D:7      | Found an iron altar of Okawaru.
  2149 | D:8      | Noticed Maurice
  2178 | D:8      | Quit the game

Skill      XL: |  1  2  3  4  5  6  7  8  9 |
---------------+----------------------------+-----
Spellcasting   | 5 6 |  6.8
Invocations    | 1 2 3 4 |  4.9
Short Blades   | 1 2 3 4 |  4.4
Long Blades    | 1 2 3 4 |  4.4
Axes           | 1 2 3 4 |  4.4
Maces & Flails | 1 2 3 4 |  4.4
Staves         | 1 2 3 4 |  4.4
Slings         | 1 2 3 4 |  4.4
Bows           | 1 2 3 4 |  4.4
Crossbows      | 1 2 3 4 |  4.4
Throwing       | 1 2 3 4 |  4.4
Stealth        | 1 2 3 4 |  4.4
Shields        | 1 2 3 4 |  4.4
Unarmed Combat | 1 2 3 4 |  4.4
Evocations     | 1 2 3 4 |  4.4
Conjurations   | 1 2 3 |  3.6
Hexes          | 1 2 3 |  3.6
Summonings     | 1 2 3 |  3.6
Necromancy     | 1 2 3 |  3.6
Translocations | 1 2 3 |  3.6
Transmutations | 1 2 3 |  3.6
Fire Magic     | 1 2 3 |  3.6
Ice Magic      | 1 2 3 |  3.6
Air Magic      | 1 2 3 |  3.6
Earth Magic    | 1 2 3 |  3.6
Poison Magic   | 1 2 3 |  3.6
Armour         | 3 4 5 |  5.2
Fighting       | 5 6 |  6.4
Polearms       | 5 6 |  6.4
Dodging        | 5 6 |  6.4
Charms         | 6 |  6.6

Action                   |  1- 3 |  4- 6 |  7- 9 || total
-------------------------+-------+-------+-------++-------
Melee: Spear             |    82 |    93 |       ||   175
       Bite              |     8 |     5 |    22 ||    35
       Trident           |       |     6 |    65 ||    71
       Punch             |       |       |     1 ||     1
       Halberd           |       |       |   111 ||   111
       Headbutt          |       |       |    28 ||    28
Throw: Tomahawk          |       |     4 |     2 ||     6
 Cast: Infusion          |     7 |       |       ||     7
       Spectral Weapon   |     4 |    14 |    25 ||    43
       Shroud of Golubri |     2 |     6 |     9 ||    17
       Regeneration      |       |     2 |     7 ||     9
       Song of Slaying   |       |     2 |     4 ||     6
Evoke: Wand              |       |       |     1 ||     1
  Use: Potion            |       |     1 |     3 ||     4
       Scroll            |       |     1 |    10 ||    11
 Stab: Sleeping          |       |     2 |       ||     2
       Distracted        |       |     2 |     1 ||     3
  Eat: Ration            |     1 |       |     2 ||     3
Armor: Leather armour    |     7 |    17 |       ||    24
       Ring mail         |       |       |    31 ||    31
Dodge: Dodged            |    42 |    36 |   129 ||   207

Table legend:
 A = Turns spent in this place as a percentage of turns spent in the entire game.
 B = Non-inter-level travel turns spent in this place as a percentage of non-inter-level travel turns spent in the entire game.
 C = Inter-level travel turns spent in this place as a percentage of turns spent in this place.
 D = Turns resting spent in this place as a percentage of non-inter-level travel turns spent in this place.
 E = Turns spent auto-exploring this place as a percentage of non-inter-level travel turns spent in this place.
 F = Non-inter-level travel turns spent in this place divided by the number of levels of this place that you've seen.
                   A       B       C       D       E      F
               +-------+-------+-------+-------+-------+----------------------
         Total | 100.0 | 100.0 |   2.0 |   0.0 |   0.0 | 237.1
       Dungeon |  98.8 |  99.3 |   1.6 |   0.0 |   0.0 | 264.8
        Temple |   1.2 |   0.7 |  38.5 |   0.0 |   0.0 |  16.0
               +-------+-------+-------+-------+-------+----------------------

Table legend:
 A = Kills in this place as a percentage of kills in entire the game.
 B = Kills by you in this place as a percentage of kills by you in the entire game.
 C = Kills by friends in this place as a percentage of kills by friends in the entire game.
 D = Other kills in this place as a percentage of other kills in the entire game.
 E = Experience gained in this place as a percentage of experience gained in the entire game.
 F = Experience gained in this place divided by the number of levels of this place that you have seen.
                   A       B       C       D       E      F
               +-------+-------+-------+-------+-------+----------------------
         Total | 100.0 | 100.0 |   N/A |   N/A | 100.0 | 452.7
       Dungeon | 100.0 | 100.0 |   N/A |   N/A | 100.0 | 509.2
               +-------+-------+-------+-------+-------+----------------------

Levels and vault maps discovered:
D:1:      dpeg_arrival_lava_altar, layout_rooms, minivault_19
D:2:      layout_basic, nicolae_ru_awakened_eye, old_standard_altar,
          uniq_natasha, uniq_robin, uniq_crazy_yiuf_cottage
D:3:      layout_loops_ring, first_ration, serial_glass, glass_columns_a,
          glass_columns_b, glass_columns_a, glass_columns_b, glass_columns_a,
          glass_columns_b, glass_columns_b, glass_columns_c, glass_columns_c,
          glass_columns_b, chequers_ecumenical_altar_lobes,
          kennysheep_generic_room_10
D:4:      layout_basic, gammafunk_temple_overflow_claw,
          minmay_temple_entry_grid, serial_shops, nicolae_shop_crystal, shop,
          nemelex_spade_bored_becter
D:5:      layout_rooms, fedhas_altar_3, serial_shops, nicolae_shop_stone,
          grunt_decor_one_mirror
D:6:      layout_loops_ring, uniq_blork_the_orc
D:7:      layout_loops_corners, okawaru_trees_2
D:8:      layout_basic, kennysheep_little_box, uniq_maurice
Temple:   nicolae_temple_hex_pool
